 Dungeon Crawl Stone Soup version 0.30-a0-629-gd54f4be (webtiles) character file.

Game seed: 11889978218324028436

3343 malesh the Jinx (level 10, -5/76 HPs)
             Began as a Formicid Hexslinger on Jan 12, 2023.
             Was a Follower of Dithmenos.
             Killed by an exploding boulder beetle (30 damage)
             ... ignited by their inner flame
             ... on level 11 of the Dungeon.
             The game lasted 00:34:52 (7798 turns).

malesh the Jinx (Formicid Hexslinger)               Turns: 7798, Time: 00:34:53

Health: -5/76      AC:  7    Str: 16    XL:     10   Next: 22%
Magic:  2/18       EV: 13    Int: 14    God:    Dithmenos [*.....]
Gold:   330        SH:  0    Dex: 16    Spells: 8/19 levels left

rFire   . . .      SeeInvis +    a - +5 sling
rCold   . . .      Faith    .    (no shield)
rNeg    . . .      Spirit   .    c - +2 robe
rPois   +          Reflect  .    (helmet unavailable)
rElec   .          Harm     +    s - scarf {harm}
rCorr   .          Rampage  .    (no gloves)
Will    .....                    f - +2 pair of boots
Stlth   +++                      (no amulet)
HPRegen 0.32/turn                j - ring of poison resistance
MPRegen 0.16/turn                (no ring)

@: weak-willed, wreathed by umbra
A: permanent stasis, dig shafts and tunnels, antennae 3, four strong arms
a: Dig, Shaft Self, Renounce Religion


You were on level 11 of the Dungeon.
You worshipped Dithmenos.
Dithmenos was aware of your devotion.
You visited 2 branches of the dungeon, and saw 10 of its levels.
You also visited: Bailey.

You collected 330 gold pieces.

Inventory:

Hand Weapons
 a - a +5 sling (weapon)
Missiles
 r - 5 poisoned darts
Armour
 c - a +2 robe (worn)
 f - a +2 pair of boots (worn)
 s - a scarf of harm (worn)
Jewellery
 j - a ring of poison resistance (left hand)
Wands
 q - a wand of digging (5)
Scrolls
 b - a scroll of immolation
 u - a scroll of silence
Potions
 g - 5 potions of curing
 h - a potion of mutation {unknown}
 i - 3 potions of might
 l - 4 potions of flight
 n - a potion of haste {unknown}
 p - 2 potions of brilliance
 t - a potion of berserk rage {unknown}


   Skills:
 + Level 5.9 Fighting
 * Level 7.9 Ranged Weapons
 + Level 4.0 Dodging
 - Level 4.3 Stealth
 + Level 5.3 Spellcasting
 * Level 8.6 Hexes
 - Level 1.0 Translocations
 - Level 1.0 Fire Magic


You had 8 spell levels left.
You knew the following spells:

 Your Spells              Type           Power      Damage    Failure   Level
a - Slow                  Hex            100%       N/A       1%          1
b - Inner Flame           Hex/Fire       17%        N/A       7%          3
c - Portal Projectile     Hex/Tloc       34%        N/A       7%          3
d - Cause Fear            Hex            14%        N/A       4%          4

Your spell library contained the following spells:

 Spells                   Type           Power      Damage    Failure   Level
 Apportation              Tloc           12%        N/A       11%         1
 Magic Dart               Conj           12%        1d3       17%         1
 Necrotise                Necr           12%        1d4       17%         1
 Shock                    Conj/Air       12%        1d3       17%         1
 Summon Small Mammal      Summ           12%        N/A       17%         1
 Call Imp                 Summ           3%         N/A       26%         2
 Mephitic Cloud           Conj/Pois/Air  3%         N/A       45%         3
 Vampiric Draining        Necr           3%         2d6       45%         3
 Airstrike                Air            1%         2d(1-17)  86%         4
 Agony                    Necr           3%         N/A       99%         5
 Discord                  Hex            14%        N/A       100%        8
 Swiftness                Air            Unusable   N/A       N/A         3

Dungeon Overview and Level Annotations

Branches:
Dungeon (8/15)             Temple (1/1) D:5            Lair (0/5) D:8
 Bailey (visited)

Altars:
Ashenzari
Dithmenos
Elyvilon
Fedhas
Gozag
Hepliaklqana
Kikubaaqudgha
Makhleb
Nemelex Xobeh
Okawaru
Qazlal
Ru
Sif Muna
Trog
Uskayaw
Vehumet
Wu Jian
Xom
Yredelemnul
Zin
The Shining One

Shops:
D:7 =


Innate Abilities, Weirdness & Mutations

You cannot be hasted, slowed, berserked, paralysed or teleported.
You can dig through walls and to a lower floor.
You have a pair of large antennae on your head. (SInv)
Your four strong arms can wield two-handed weapons with a shield.


Message History

You shoot a sling bullet.
The sling bullet hits the boulder beetle but does no damage.
The boulder beetle is moderately wounded.
The boulder beetle misses you.
Okay, then.
Casting: Slow (safe; 1% risk of failure)
Confirm with . or Enter, or press ? or * to list all spells.
You don't have enough magic to cast this spell.
Casting: Slow (safe; 1% risk of failure)
Confirm with . or Enter, or press ? or * to list all spells.
Okay, then.
Unknown command.
Fire: a) +5 sling
Press: ? - help, Shift-Dir - straight line, f/p - boulder beetle
Aim: a boulder beetle (moderately wounded, inner flame, slow, weak-willed, umbra, 91% to hit)
You shoot a sling bullet.
The sling bullet hits the boulder beetle but does no damage.
The boulder beetle is moderately wounded.
Fire: a) +5 sling
Press: ? - help, Shift-Dir - straight line, f - kobold, p - boulder beetle
Aim: a kobold, wielding a +0 club and quivering stones (inner flame, 62% to hit)
You shoot a sling bullet.
The sling bullet completely misses the boulder beetle.
The sling bullet barely misses the kobold.
The sling bullet hits the kobold!
Dithmenos accepts your kill.
The kobold explodes!
The fiery explosion engulfs the kobold!!!
Dithmenos accepts your kill.
The fiery explosion engulfs the kobold!!
Dithmenos accepts your kill.
The fiery explosion engulfs the orc warrior!!
You kill the orc warrior!
Dithmenos accepts your kill.
The kobold explodes! x2
The fiery explosion engulfs the boulder beetle!!!
Dithmenos accepts your kill.
The boulder beetle explodes!
The fiery explosion engulfs you!!
You die...

.... #### #.....
##..# ......
####§§.####.......
#@§§§#{....K......
#####)o...........
#{{..........#
##......)....#
##.....##...##
##.............
#....B.#.......
#......#.......
#..............


You could see an orc (inner flame).

Vanquished Creatures
  A boulder beetle (D:11)
  An unseen horror (D:6)
  Prince Ribbit (D:7)
  A wyvern (D:8)
  4 vampire mosquitoes (D:11)
  A human (Bailey)
  An acid dragon (D:11)
  A water moccasin (D:7)
  2 ice beasts
  3 orc warriors
  2 ogres
  A phantom (D:5)
  2 kobold brigands
  4 scorpions
  A gnoll sergeant (D:6)
  4 killer bees (D:5)
  3 electric eels (D:6)
  A jelly (D:6)
  3 hounds
  2 orc priests (D:6)
  3 iguanas
  16 gnolls
  2 adders
  A white imp (D:6)
  An ufetubus (D:4)
  2 worms
  7 dart slugs
  18 orcs
  5 ball pythons
  4 endoplasms
  4 giant cockroaches
  7 goblins
  8 hobgoblins
  13 kobolds
  3 quokkas
  2 bats
  3 frilled lizards
  7 rats
145 creatures vanquished.

Vanquished Creatures (others)
  16 plants (D:6)
16 creatures vanquished.

Grand Total: 161 creatures vanquished

Notes
Turn   | Place    | Note
-------+----------+-------------------------------------------
     0 | D:1      | malesh the Formicid Hexslinger began the quest for the Orb.
     0 | D:1      | Reached XP level 1. HP: 15/15 MP: 2/2
    37 | D:1      | Reached XP level 2. HP: 15/21 MP: 1/3
   244 | D:1      | Reached skill level 4 in Hexes
   372 | D:1      | Found a faded altar of an unknown god.
   421 | D:1      | Reached XP level 3. HP: 24/26 MP: 3/5
   782 | D:2      | Reached XP level 4. HP: 33/33 MP: 4/6
  1003 | D:2      | Learned a level 3 spell: Inner Flame
  1351 | D:2      | Reached XP level 5. HP: 38/38 MP: 5/7
  2057 | D:3      | Learned a level 3 spell: Portal Projectile
  2137 | D:3      | Reached skill level 5 in Hexes
  2592 | D:4      | Noticed an ogre
  2606 | D:4      | Killed an ogre
  2607 | D:4      | Reached XP level 6. HP: 46/46 MP: 9/9
  2841 | D:4      | Found a shimmering altar of Xom.
  2841 | D:4      | Found a basalt altar of Yredelemnul.
  2961 | D:4      | Reached skill level 1 in Fire Magic
  3251 | D:4      | Reached skill level 1 in Translocations
  3344 | D:4      | Reached XP level 7. HP: 52/52 MP: 11/11
  3587 | D:5      | Entered Level 5 of the Dungeon
  3690 | D:5      | Reached skill level 5 in Ranged Weapons
  3743 | D:5      | Found a staircase to the Ecumenical Temple.
  3752 | Temple   | Entered the Ecumenical Temple
  3752 | Temple   | Found a transporter.
  3752 | Temple   | Found a transporter.
  3775 | Temple   | Found a transporter.
  3775 | Temple   | Found a transporter.
  4013 | Temple   | Became a worshipper of Dithmenos the Shadowed
  4036 | D:5      | Learned a level 4 spell: Cause Fear
  4107 | D:5      | Reached XP level 8. HP: 20/60 MP: 11/13
  4291 | D:5      | Reached skill level 1 in Stealth
  4776 | D:6      | Reached skill level 6 in Hexes
  4853 | D:6      | Identified the +4 ring mail of Nemelex Xobeh {rElec rN+
                  | Str+4}
  5090 | D:6      | Reached XP level 9. HP: 66/66 MP: 11/15
  5170 | D:6      | Reached * piety under Dithmenos
  5510 | D:6      | Noticed an unseen horror
  5511 | D:6      | Killed an unseen horror
  5512 | D:6      | Reached skill level 5 in Fighting
  5512 | D:6      | Reached skill level 7 in Hexes
  6141 | D:7      | Noticed Prince Ribbit
  6145 | D:7      | Killed Prince Ribbit
  6356 | D:7      | Found Wupigynn's Jewellery Boutique.
  7166 | D:8      | Found a flagged portal.
  7174 | Bailey   | Entered a bailey
  7194 | Bailey   | Reached skill level 5 in Spellcasting
  7194 | Bailey   | Reached skill level 8 in Hexes
  7241 | D:8      | You fall into a shaft and drop 3 floors!
  7391 | D:11     | Reached XP level 10. HP: 73/74 MP: 15/17
  7687 | D:11     | Noticed a cyclops
  7687 | D:11     | Noticed a cyclops
  7760 | D:11     | Noticed a boulder beetle
  7798 | D:11     | Killed a boulder beetle
  7798 | D:11     | Killed by an exploding boulder beetle... ignited by their
                  | inner flame

Illustrated notes

Levels and vault maps discovered:
D:1:      scummos_arrival_hexagon, layout_basic,
          shapermc_ecumenical_altar_notcrosses, st_stairs_10
D:2:      layout_basic
D:3:      layout_basic
D:4:      layout_rooms, gammafunk_temple_overflow_wave, nrook_mini_backslash
D:5:      layout_basic, minmay_temple_entry_mini_moons
D:6:      layout_loops_ring, serial_bayou, serial_bayou_ford_a,
          serial_bayou_pond_b, serial_bayou_pond_a, serial_bayou_shore_b,
          serial_bayou_crossing, serial_bayou_shore_b
D:7:      layout_basic, serial_shops, shop, uniq_prince_ribbit1
D:8:      layout_loops_ring, david_lair_shrubbed, enter_bailey_2,
          nrook_loot_triangle
D:11:     layout_cave_pools
Temple:   hellmonk_temple_divided_pantheon

Skill      XL: |  1  2  3  4  5  6  7  8  9 10 |
---------------+-------------------------------+-----
Hexes          | 4 5 6 8 |  8.6
Fighting       | 2 3 4 5 |  5.9
Ranged Weapons | 3 4 5 6 7 |  7.9
Spellcasting   | 2 3 4 5 |  5.3
Fire Magic     | 1 |  1.0
Translocations | 1 |  1.0
Dodging        | 2 3 4 |  4.0
Stealth        | 2 4 |  4.3

Action                   |  1- 3 |  4- 6 |  7- 9 | 10-12 || total
-------------------------+-------+-------+-------+-------++-------
 Fire: Sling             |    75 |   205 |   196 |    31 ||   507
 Cast: Slow              |    12 |    39 |    47 |     5 ||   103
       Inner Flame       |       |     2 |    15 |     4 ||    21
       Portal Projectile |       |     1 |     3 |     1 ||     5
       Cause Fear        |       |       |       |     1 ||     1
 Abil: Shaft Self        |       |       |     1 |       ||     1
       Dig               |       |       |       |     1 ||     1
  Use: Scroll            |     1 |    14 |    10 |     6 ||    31
       Potion            |       |       |     2 |       ||     2
Armor: Robe              |     7 |    15 |    14 |     1 ||    37
Dodge: Dodged            |    35 |    52 |    42 |    17 ||   146

Table legend: (Time is in decaauts)
 A = Elapsed time spent in this place.
 B = Non-inter-level travel time spent in this place.
 C = Inter-level travel time spent in this place.
 D = Time resting spent in this place.
 E = Time spent auto-exploring this place.
 F = Levels seen in this place.
 G = Mean time per level.
                   A        B        C        D        E       F      G
               +--------+--------+--------+--------+--------+-----+--------+
         Total |   7909 |   7306 |    603 |   1229 |   4681 |  11 |  719.0 |
       Dungeon |   7760 |   7193 |    567 |   1208 |   4673 |   9 |  862.2 |
        Temple |     97 |     61 |     36 |     21 |      6 |   1 |   97.0 |
        Bailey |     52 |     52 |      0 |      0 |      2 |   1 |   52.0 |
               +--------+--------+--------+--------+--------+-----+--------+

Top non-repeatable levels by time:
     D:6: 1237 daAuts
     D:7: 1165 daAuts
     D:5: 1045 daAuts
     D:4: 1009 daAuts
     D:2: 983 daAuts
     D:3: 934 daAuts
     D:1: 731 daAuts
    D:11: 555 daAuts
  Temple: 97 daAuts
     D:8: 96 daAuts
  Bailey: 52 daAuts
